Map: [ESL] Hecate

Players

ShaDoWn

  • Race: Protoss Protoss
  • Spawn Location: 1:00

Ryung - Winner!

  • Race: Terran Terran
  • Spawn Location: 7:00

Event: ESL SC2 Masters 2023 Winter (Finals)

VOD

Have the link to the VOD?

Description

Time

  • Played on: Dec. 15, 2023, 2:27 p.m.
  • Length: 10:41

All games in this series

Show
View Real Time Build Order
Export as new Build Order

ShaDoWn Protoss 

Build Orders: 1 Gate Expand, Blink Stalkers, Colossus Rush 

Get SALT Encoding   

  12  0:01  Probe  
  13  0:13  Probe  
  14  0:17  Pylon  
  14  0:25  Probe  
  15  0:37  Gateway, Probe (Chrono Boost)  
  16  0:48  Assimilator, Probe (Chrono Boost)  
  17  0:53  Probe (Chrono Boost)  
  18  1:03  Probe  
  19  1:15  Probe  
  20  1:24  Cybernetics Core  
  20  1:32  Nexus  
  20  1:39  Pylon  
  20  1:42  Probe  
  21  1:47  Assimilator  
  21  1:54  Probe (Chrono Boost)  
  21  2:00  Adept (Chrono Boost)  
  24  2:02  Warp Gate  
  24  2:06  Probe (Chrono Boost)  
  25  2:12  Probe (Chrono Boost)  
  26  2:21  Probe  
  27  2:23  Twilight Council  
  27  2:27  Stalker  
  29  2:33  Probe  
  29  2:45  Probe x2  
  30  2:57  Probe (Chrono Boost)  
  30  3:04  Probe (Chrono Boost)  
  30  3:09  Blink, Probe (Chrono Boost)  
  31  3:17  Probe (Chrono Boost)  
  31  3:18  Probe (Chrono Boost)  
  32  3:25  Probe (Chrono Boost)  
  34  3:29  Probe (Chrono Boost)  
  34  3:31  Robotics Facility, Probe (Chrono Boost)  
  35  3:35  Probe  
  35  3:39  Probe (Chrono Boost)  
  38  3:49  Gateway  
  38  3:51  Probe (Chrono Boost)  
  38  3:53  Probe (Chrono Boost)  
  39  3:57  Pylon  
  39  3:58  Probe (Chrono Boost)  
  39  4:01  Probe (Chrono Boost)  
  41  4:05  Probe  
  41  4:08  Assimilator  
  42  4:10  Assimilator  
  42  4:12  Probe  
  42  4:13  Pylon  
  43  4:18  Stalker, Probe  
  43  4:19  Observer  
  43  4:24  Probe  
  48  4:26  Robotics Bay  
  48  4:30  Probe  
  49  4:36  Probe  
  50  4:42  Probe  
  50  4:48  Probe  
  50  4:50  Stalker x2  
  53  4:54  Probe  
  53  4:57  Observer (Chrono Boost)  
  55  5:00  Probe  
  57  5:11  Nexus  
  57  5:12  Colossus (Chrono Boost)  
  57  5:13  Pylon  
  57  5:19  Probe, Pylon  
  62  5:27  Extended Thermal Lance  
  62  5:31  Probe  
  62  5:32  Probe  
  62  5:33  Stalker  
  66  5:36  Pylon  
  65  5:43  Probe  
  65  5:44  Probe  
  65  5:45  Stalker  
  69  5:53  Colossus (Chrono Boost)  
  69  5:55  Probe  
  76  5:58  Sentry, Shield Battery  
  78  6:05  Probe  
  78  6:07  Probe  
  78  6:09  Stalker  
  82  6:17  Probe  
  81  6:21  Probe  
  81  6:23  Stalker  
  73  6:28  Probe  
  73  6:29  Pylon  
  74  6:33  Colossus (Chrono Boost), Probe  
  74  6:35  Stalker  
  83  6:41  Probe (Chrono Boost)  
  83  6:43  Probe (Chrono Boost)  
  86  6:50  Probe (Chrono Boost), Charge (Chrono Boost)  
  86  6:53  Probe (Chrono Boost)  
  86  6:54  Forge  
  88  6:57  Probe (Chrono Boost)  
  88  6:58  Pylon  
  88  6:59  Probe x2 (Chrono Boost)  
  90  7:03  Stalker  
  90  7:04  Probe, Stalker  
  90  7:08  Probe  
  96  7:09  Probe  
  96  7:14  Forge  
  96  7:15  Forge  
  97  7:20  Probe  
  98  7:27  Warp Prism (Chrono Boost)  
  100  7:31  Probe  
  100  7:32  Stalker x2  
  100  7:33  Probe  
  106  7:38  Gateway  
  106  7:39  Gateway  
  106  7:47  Pylon  
  106  7:48  Gateway  
  106  7:51  Gateway  
  106  7:55  Observer  
  107  8:01  Stalker  
  107  8:03  Nexus  
  109  8:05  Pylon  
  109  8:06  Protoss Shields Level 1 (Chrono Boost), Protoss Ground Armor Level 1 (Chrono Boost)  
  109  8:15  Probe x3  
  112  8:20  Gateway  
  112  8:21  Gateway  
  112  8:22  Zealot  
  112  8:25  Observer  
  112  8:26  Zealot  
  118  8:27  Probe x3  
  118  8:31  Pylon  
  118  8:33  Shield Battery  
  120  8:37  Zealot x2  
  123  8:43  Zealot  
  125  8:52  Nexus  
  125  8:59  Pylon  
  121  9:15  Robotics Facility  
  121  9:16  Disruptor (Chrono Boost), Pylon  
  121  9:17  Probe  
  121  9:20  Nexus  
  121  9:22  Pylon  
  121  9:23  Pylon  
  126  9:31  Pylon  
  126  9:33  Pylon  
  126  9:34  Probe x2  
  126  9:35  Stalker x3  
  133  9:43  Zealot x4  
  132  9:46  Probe  
  133  10:04  Disruptor (Chrono Boost)  
  136  10:07  Templar Archives  
  136  10:15  Probe  
  137  10:23  Zealot x3  
  137  10:27  Probe  
Show
View Real Time Build Order
Export as new Build Order

Ryung Terran - Winner!

Build Orders: Reaper Expand 

Get SALT Encoding   

  12  0:00  SCV  
  13  0:12  SCV  
  14  0:17  Supply Depot  
  14  0:24  SCV  
  15  0:38  SCV  
  15  0:40  Barracks  
  16  0:44  Refinery  
  16  0:50  SCV  
  17  1:02  SCV  
  18  1:14  SCV  
  19  1:28  Orbital Command, Reaper  
  20  1:39  Command Center  
  20  1:51  Supply Depot  
  20  1:53  SCV  
  21  2:00  Marine  
  22  2:05  SCV  
  23  2:09  Factory  
  23  2:17  Bunker  
  23  2:18  SCV  
  23  2:20  Marine  
  25  2:28  Refinery  
  25  2:30  SCV  
  26  2:39  Barracks Reactor  
  26  2:42  SCV  
  27  2:52  Orbital Command  
  27  2:54  Hellion, SCV  
  30  2:59  Starport  
  30  3:06  SCV  
  31  3:15  Widow Mine  
  31  3:16  Marine x2  
  31  3:18  SCV  
  31  3:19  SCV  
  36  3:25  Supply Depot  
  36  3:30  SCV  
  36  3:31  SCV  
  38  3:35  Marine  
  38  3:36  Marine  
  38  3:37  Widow Mine  
  38  3:39  Medivac  
  44  3:42  SCV  
  45  3:49  SCV  
  45  3:54  SCV  
  47  3:58  Barracks, Marine x2  
  47  3:59  Factory Tech Lab  
  47  4:01  SCV  
  50  4:04  Supply Depot  
  50  4:06  SCV  
  51  4:10  Starport Tech Lab  
  51  4:13  SCV  
  52  4:19  SCV  
  52  4:23  Supply Depot  
  53  4:24  Refinery  
  53  4:26  Siege Tank  
  53  4:28  SCV  
  53  4:29  Raven  
  53  4:31  SCV  
  60  4:34  Marine x2  
  62  4:45  SCV x2  
  64  4:52  Supply Depot  
  62  4:54  Barracks, Marine x2  
  62  4:57  SCV x2  
  62  4:58  Siege Tank  
  62  4:59  Engineering Bay  
  69  5:08  Refinery  
  69  5:09  SCV  
  69  5:10  Stimpack  
  69  5:13  SCV  
  71  5:15  Supply Depot x2  
  71  5:21  SCV  
  71  5:22  Marine x3  
  71  5:25  SCV  
  71  5:26  Terran Infantry Weapons Level 1  
  76  5:34  Starport Reactor  
  76  5:36  SCV  
  76  5:38  SCV  
  78  5:43  Factory Reactor  
  78  5:44  Command Center  
  78  5:47  Supply Depot x2  
  78  5:51  Combat Shield, Marauder x2, Marine x2  
  78  5:54  SCV  
  78  5:55  SCV  
  86  6:10  Barracks  
  86  6:11  Barracks  
  86  6:13  Marauder x2, Marine x2  
  92  6:23  Widow Mine x2, Medivac x2, SCV  
  92  6:33  SCV  
  92  6:34  Marauder, Marine x2  
  92  6:35  Marauder  
  92  6:36  SCV  
  92  6:38  Supply Depot  
  95  6:50  Widow Mine x2  
  95  6:53  Marine x2  
  98  6:55  SCV x2  
  98  6:57  Marauder x2  
  98  6:58  Barracks Reactor, Barracks Tech Lab  
  104  7:02  Medivac  
  104  7:05  Medivac  
  108  7:10  SCV x2  
  108  7:13  Concussive Shells, Marine x2  
  112  7:20  Terran Infantry Armor Level 1  
  112  7:21  Marauder x3  
  116  7:29  Orbital Command, SCV x2, Widow Mine x2  
  122  7:33  Viking  
  122  7:35  Viking  
  124  7:37  Marine x3  
  124  7:39  Marine  
  124  7:42  Supply Depot  
  124  7:43  SCV, Supply Depot  
  124  7:44  SCV  
  126  8:00  Marine, Marauder x3  
  126  8:03  Marine x2  
  126  8:05  Refinery, Ghost Academy  
  135  8:06  Supply Depot  
  135  8:07  Supply Depot, Refinery  
  135  8:08  SCV x3  
  138  8:14  Viking, Medivac  
  138  8:19  Armory  
  142  8:20  Marine x2, SCV x3, Engineering Bay  
  142  8:23  Marauder  
  149  8:28  Marauder  
  149  8:29  Supply Depot  
  151  8:37  Supply Depot  
  151  8:38  Ghost  
  153  8:41  Marine x4  
  153  8:43  Ghost  
  159  8:53  Ghost  
  159  8:54  SCV x2  
  159  8:55  SCV  
  164  9:01  Missile Turret  
  164  9:04  Marine x4  
  164  9:07  Ghost  
  168  9:11  SCV x3  
  168  9:13  Marauder  
  171  9:22  Marauder  
  172  9:34  Marauder  
  172  9:35  Marine x4  
  172  9:36  Marauder  
  180  9:53  Marine  
  180  9:54  Marine  
  180  9:57  Marine  
  181  10:00  Supply Depot  
  181  10:05  Command Center  
  181  10:11  Barracks  
  181  10:12  Barracks  
  181  10:14  Barracks  
  181  10:15  Marine  
  181  10:17  Marine  
  181  10:19  Marine  
Tags
 
Add a new tag
Caveats
  • Supply blocks, unpowered buildings, or Contaminate may cause inaccurate times.
  • Supply counts are checked every 10 seconds.